 Dungeon Crawl Stone Soup version 0.22-a0-396-g3f858e3 (webtiles) character file.

75525 Leszczynek the Cleaver (level 15, -1/120 HPs)
             Began as a Gnoll Berserker on May 4, 2018.
             Was a High Priest of Trog.
             Killed by mirror damage (14 damage)
             ... on level 14 of the Dungeon.
             The game lasted 01:13:16 (13468 turns).

Leszczynek the Cleaver (Gnoll Berserker)           Turns: 13468, Time: 01:13:16

Health: -1/120     AC: 26    Str: 24    XL:     15   Next: 50%
Magic:  28/28      EV: 13    Int: 11    God:    Trog [*****.]
Gold:   670        SH:  7    Dex: 15    Spells: 33/33 levels left

rFire    . . .     SeeInvis .   a - +0 broad axe
rCold    . . .     Gourm    .   S - +0 buckler
rNeg     . . .     Faith    +   i - +4 plate armour
rPois    +         Spirit   .   y - +0 helmet
rElec    .         Reflect  .   (no cloak)
rCorr    .         Harm     .   L - +2 pair of gloves
MR       ++++.                  s - +1 pair of boots
Stlth    ..........             W - amulet of faith
HPRegen  1.30/turn              l - ring of protection from magic
MPRegen  0.21/turn              p - ring of poison resistance

@: regenerating
A: distributed training, fangs 1, strong nose
a: Berserk, Trog's Hand, Brothers in Arms, Renounce Religion


You were on level 14 of the Dungeon.
You worshipped Trog.
Trog was extremely pleased with you.
You were not hungry.

You visited 3 branches of the dungeon, and saw 22 of its levels.
You also visited: Labyrinth and Ossuary.

You collected 2390 gold pieces.
You spent 1720 gold pieces at shops.

Inventory:

Hand Weapons
 a - a +0 broad axe (weapon)
 T - a +0 blowgun
 Z - a +2 scimitar of flaming
Missiles
 m - 9 throwing nets (quivered)
 U - 8 curare-tipped needles
 V - 20 steel javelins
Armour
 i - a +4 plate armour (worn)
 k - a cursed +0 large shield
 s - a +1 pair of boots (worn)
 y - a +0 helmet (worn)
 B - a +0 shield
 L - a +2 pair of gloves (worn)
 S - a +0 buckler (worn)
Jewellery
 l - a ring of protection from magic (left hand)
 o - an uncursed ring of ice
 p - a ring of poison resistance (right hand)
 W - an amulet of faith (around neck)
Wands
 c - a wand of disintegration (10)
 C - a wand of clouds (4)
 E - a wand of iceblast (10)
 J - a wand of polymorph (40)
 P - a wand of scattershot (9)
 R - a wand of digging (10)
 X - a wand of acid (9)
 Y - a wand of paralysis (17)
Scrolls
 r - a scroll of remove curse {@r2}
 w - a scroll of enchant weapon
 A - 7 scrolls of teleportation
 D - a scroll of identify {@r1}
 G - 4 scrolls of enchant armour
 I - 4 scrolls of blinking
 K - a scroll of magic mapping
 M - 3 scrolls of fog
 N - 6 scrolls of fear
Potions
 b - 3 potions of lignification {!q}
 e - 3 potions of agility
 h - a potion of invisibility
 n - 4 potions of flight
 q - 2 potions of might
 t - 3 potions of brilliance
 u - 2 potions of resistance
 v - 8 potions of curing {@q1}
 x - a potion of heal wounds {@q2}
 z - a potion of magic {unknown}
 Q - 2 potions of mutation {!q}
Miscellaneous
 f - a box of beasts
 g - a lightning rod (4/4)
 j - a lamp of fire
 F - a phial of floods
Comestibles
 d - 34 rations
 H - 9 chunks of flesh


   Skills:
 + Level 11.7 Fighting
 + Level 9.9 Short Blades
 + Level 9.9 Long Blades
 + Level 11.7 Axes
 + Level 9.9 Maces & Flails
 + Level 9.9 Polearms
 + Level 9.9 Staves
 + Level 9.9 Slings
 + Level 9.9 Bows
 + Level 9.9 Crossbows
 + Level 9.9 Throwing
 + Level 10.9 Armour
 + Level 10.9 Dodging
 + Level 9.9 Stealth
 + Level 9.9 Shields
 + Level 9.9 Unarmed Combat
 + Level 9.9 Spellcasting
 + Level 8.3 Conjurations
 + Level 8.3 Hexes
 + Level 8.3 Charms
 + Level 8.3 Summonings
 + Level 8.3 Necromancy
 + Level 8.3 Translocations
 + Level 8.3 Transmutations
 + Level 8.3 Fire Magic
 + Level 8.3 Ice Magic
 + Level 8.3 Air Magic
 + Level 8.3 Earth Magic
 + Level 8.3 Poison Magic
 + Level 10.8 Invocations
 + Level 9.9 Evocations


You had 33 spell levels left.
You didn't know any spells.

Dungeon Overview and Level Annotations

Branches:
Dungeon (14/15)            Temple (0/1) D:5            Lair (6/6) D:9
 Shoals (0/4) Lair:4        Snake (0/4) Lair:4        Slime (0/5) Lair:5
    Orc (2/2) D:10            Elf (0/3) Orc:2        Vaults (0/5) D:13

Altars:
Elyvilon
Gozag
Qazlal
Ru
Sif Muna
Xom
The Shining One
Beogh
Jiyva

Shops:
D:8 =   D:13 (   Orc:2 %%}}

Annotations:
D:14 vaults
Lair:5 1 runed door


Innate Abilities, Weirdness & Mutations

Your experience applies equally to all skills.
You have very sharp teeth.
Your uncanny sense of smell can sniff out nearby items.


Message History

You barely miss the death knight.
The death knight is severely wounded.
You hit the death knight but do no damage.
The death knight is severely wounded.
The death knight hits you with an enchanted broad axe!!
You barely miss the death knight.
The death knight is severely wounded.
The death knight hits you with an enchanted broad axe.
You barely miss the death knight.
The death knight is severely wounded.
The death knight hits you with an enchanted broad axe!
* * * LOW HITPOINT WARNING * * *
You hit the death knight but do no damage.
The death knight is severely wounded.
The death knight hits you with an enchanted broad axe!
* * * LOW HITPOINT WARNING * * *
You slice the death knight!! Your bite misses the death knight.
The death knight is almost dead.
The death knight reflects your damage back at you!
You die...

#####.....)...)####....##
.........##)..).....#...#
###.....###.###)....##..###
#..###..##)# ###.........#
#. ##....###..........# . ∆
#..#.........#....# ∆
#....(.......#..<.#
##'#p........#....# #
#..##@#........##.###. ∆∆
+...∆#..............#.. ∆∆
#..p #..##......###)).# ∆
##$. #..##...##.# ##.))
####..####.####.##.##.
...## .## .... ## ...# ##
#..# # ∆∆.### #...### ###
#..


You could see a death knight.

Vanquished Creatures
  Rupert (D:14)
  A minotaur (Lab)
  Snorg (D:12)
  Josephine (Orc:1)
  A fire dragon (Lair:6)
  An ice dragon (Lair:6)
  Harold (D:10)
  5 hydras
  2 centaur warriors (D:13)
  2 catoblepae
  3 ogre magi (Orc:2)
  18 two-headed ogres
  An orc high priest (Orc:2)
  Nergalle (D:10)
  A deep elf knight (D:13)
  A swamp dragon (Lair:6)
  3 orc knights
  A lindwurm (Lair:6)
  2 deep elf magi
  5 ugly things (D:14)
  2 orc sorcerers
  2 cyclopes
  An elephant (Lair:3)
  Joseph (D:7)
  2 manticores
  6 torpor snails
  A black mamba (Lair:6)
  6 spiny frogs
  A centaur skeleton (D:13)
  A kobold demonologist (D:14)
  An efreet (D:14)
  A freezing wraith (D:14)
  5 komodo dragons
  4 rime drakes (Lair:6)
  10 hornets
  The ghost of VDreamerV the Chopper, an amateur FoBe of Trog (D:4)
  Prince Ribbit (Lair:3)
  4 trolls
  4 tyrant leeches (Lair:6)
  Grinder (D:4)
  5 blink frogs
  3 hippogriffs
  40 yaks
  3 wyverns
  A vampire (D:14)
  3 spriggans (Lair:6)
  3 wraiths (Orc:1)
  6 basilisks
  14 humans
  5 hungry ghosts
  A vampire mosquito (D:13)
  2 nagas (Lair:4)
  7 wargs
  A soldier ant (D:10)
  4 acid dragons
  8 water moccasins
  6 porcupines
  A sky beast (D:14)
  21 orc warriors
  An eye of draining (D:13)
  2 phantoms
  2 black bears
  A necrophage (D:8)
  2 swamp drakes
  An eye of draining (shapeshifter) (D:14)
  The ghost of VDreamerV the Chopper, an amateur FoBe of Trog (D:3)
  3 ice beasts
  30 ogres
  11 wolves
  7 centaurs
  9 crocodiles
  16 bullfrogs
  An earth elemental (Lab)
  2 scorpions
  A water moccasin skeleton (D:5)
  10 killer bees
  A howler monkey (D:9)
  4 crimson imps
  4 centaur zombies
  18 orc priests
  4 hounds
  2 jellies
  7 iguanas
  28 orc wizards
  7 worker ants
  A big kobold zombie (Ossuary)
  8 mummies (Ossuary)
  A worker ant zombie (D:9)
  A howler monkey skeleton (D:7)
  4 adders
  A river rat (D:10)
  4 shadow imps
  An ooze (D:3)
  An adder skeleton (D:9)
  A worm (D:10)
  2 leopard geckos
  71 orcs
  2 giant cockroaches (D:1)
  3 hobgoblins
  7 jackals
  A quokka (D:4)
  A ball python (D:4)
  A ball python skeleton (D:4)
  12 bats
  5 frilled lizards
  2 gnoll zombies (Ossuary)
  A hobgoblin zombie (Ossuary)
  6 kobolds
  A kobold zombie (Ossuary)
  3 orc zombies (Ossuary)
  2 rats
  A bush (Lair:6)
  5 fungi
  4 plants (Lair:6)
569 creatures vanquished.

Vanquished Creatures (collateral kills)
  An ogre mage (Orc:2)
  A cyclops (Orc:2)
  A troll (Orc:2)
  A human (D:13)
  A vampire mosquito (D:13)
  An orc warrior (Orc:2)
  An orc (Orc:2)
7 creatures vanquished.

Vanquished Creatures (others)
  A worker ant (D:10)
  An orc (D:4)
  15 fungi
  51 plants
68 creatures vanquished.

Grand Total: 644 creatures vanquished

Notes
Turn   | Place    | Note
-------+----------+-------------------------------------------
     0 | D:1      | Leszczynek the Gnoll Berserker began the quest for the Orb.
     0 | D:1      | Reached XP level 1. HP: 23/23 MP: 1/1
    94 | D:1      | Reached XP level 2. HP: 25/29 MP: 2/2
   356 | D:2      | Found a white marble altar of Elyvilon.
   452 | D:3      | Noticed VDreamerV's ghost (amateur FoBe)
   472 | D:3      | Killed VDreamerV's ghost
   472 | D:3      | Reached skill level 1 in Short Blades
   472 | D:3      | Reached skill level 1 in Long Blades
   472 | D:3      | Reached skill level 1 in Maces & Flails
   472 | D:3      | Reached skill level 1 in Polearms
   472 | D:3      | Reached skill level 1 in Staves
   472 | D:3      | Reached skill level 1 in Slings
   472 | D:3      | Reached skill level 1 in Bows
   472 | D:3      | Reached skill level 1 in Crossbows
   472 | D:3      | Reached skill level 1 in Throwing
   472 | D:3      | Reached skill level 1 in Stealth
   472 | D:3      | Reached skill level 1 in Shields
   472 | D:3      | Reached skill level 1 in Unarmed Combat
   472 | D:3      | Reached skill level 1 in Spellcasting
   472 | D:3      | Reached skill level 1 in Conjurations
   472 | D:3      | Reached skill level 1 in Hexes
   472 | D:3      | Reached skill level 1 in Charms
   472 | D:3      | Reached skill level 1 in Summonings
   472 | D:3      | Reached skill level 1 in Necromancy
   472 | D:3      | Reached skill level 1 in Translocations
   472 | D:3      | Reached skill level 1 in Transmutations
   472 | D:3      | Reached skill level 1 in Fire Magic
   472 | D:3      | Reached skill level 1 in Ice Magic
   472 | D:3      | Reached skill level 1 in Air Magic
   472 | D:3      | Reached skill level 1 in Earth Magic
   472 | D:3      | Reached skill level 1 in Poison Magic
   472 | D:3      | Reached skill level 1 in Invocations
   472 | D:3      | Reached skill level 1 in Evocations
   472 | D:3      | Reached XP level 3. HP: 22/35 MP: 2/4
   472 | D:3      | Reached XP level 4. HP: 26/41 MP: 2/5
   566 | D:3      | oh yes these notes will be extremely informative
   566 | D:3      | lol
   642 | D:4      | Reached ** piety under Trog
   642 | D:4      | Reached XP level 5. HP: 38/47 MP: 5/7
   648 | D:4      | You pass out from exhaustion.
   722 | D:3      | Found a sacrificial altar of Ru.
   757 | D:3      | Reached skill level 2 in Invocations
   757 | D:3      | Reached XP level 6. HP: 20/53 MP: 8/8
   956 | D:4      | Reached skill level 5 in Armour
   956 | D:4      | Reached skill level 5 in Dodging
   972 | D:4      | Noticed VDreamerV's ghost (amateur FoBe)
   979 | D:4      | Reached skill level 2 in Short Blades
   979 | D:4      | Reached skill level 2 in Long Blades
   979 | D:4      | Reached skill level 2 in Maces & Flails
   979 | D:4      | Reached skill level 2 in Polearms
   979 | D:4      | Reached skill level 2 in Staves
   979 | D:4      | Reached skill level 2 in Slings
   979 | D:4      | Reached skill level 2 in Bows
   979 | D:4      | Reached skill level 2 in Crossbows
   979 | D:4      | Reached skill level 2 in Throwing
   979 | D:4      | Reached skill level 2 in Stealth
   979 | D:4      | Reached skill level 2 in Shields
   979 | D:4      | Reached skill level 2 in Unarmed Combat
   979 | D:4      | Reached skill level 2 in Spellcasting
   979 | D:4      | Reached skill level 2 in Evocations
   985 | D:4      | Killed VDreamerV's ghost
   985 | D:4      | Reached skill level 7 in Fighting
   985 | D:4      | Reached skill level 7 in Axes
   985 | D:4      | Reached skill level 2 in Conjurations
   985 | D:4      | Reached skill level 2 in Hexes
   985 | D:4      | Reached skill level 2 in Charms
   985 | D:4      | Reached skill level 2 in Summonings
   985 | D:4      | Reached skill level 2 in Necromancy
   985 | D:4      | Reached skill level 2 in Translocations
   985 | D:4      | Reached skill level 2 in Transmutations
   985 | D:4      | Reached skill level 2 in Fire Magic
   985 | D:4      | Reached skill level 2 in Ice Magic
   985 | D:4      | Reached skill level 2 in Air Magic
   985 | D:4      | Reached skill level 2 in Earth Magic
   985 | D:4      | Reached skill level 2 in Poison Magic
   985 | D:4      | Reached XP level 7. HP: 60/60 MP: 8/10
  1086 | D:4      | Reached skill level 3 in Invocations
  1180 | D:4      | Noticed Grinder
  1192 | D:4      | Killed Grinder
  1192 | D:4      | Reached XP level 8. HP: 62/67 MP: 12/12
  1193 | D:4      | Reached skill level 3 in Short Blades
  1193 | D:4      | Reached skill level 3 in Long Blades
  1193 | D:4      | Reached skill level 3 in Maces & Flails
  1193 | D:4      | Reached skill level 3 in Polearms
  1193 | D:4      | Reached skill level 3 in Staves
  1193 | D:4      | Reached skill level 3 in Slings
  1193 | D:4      | Reached skill level 3 in Bows
  1193 | D:4      | Reached skill level 3 in Crossbows
  1193 | D:4      | Reached skill level 3 in Throwing
  1193 | D:4      | Reached skill level 3 in Stealth
  1193 | D:4      | Reached skill level 3 in Shields
  1193 | D:4      | Reached skill level 3 in Unarmed Combat
  1193 | D:4      | Reached skill level 3 in Spellcasting
  1193 | D:4      | Reached skill level 3 in Evocations
  1237 | D:5      | Entered Level 5 of the Dungeon
  1352 | D:5      | Found an opulent altar of Gozag.
  1401 | D:5      | Found a staircase to the Ecumenical Temple.
  1577 | D:6      | Found a glowing golden altar of the Shining One.
  1876 | D:7      | Reached *** piety under Trog
  2057 | D:7      | Reached skill level 3 in Conjurations
  2057 | D:7      | Reached skill level 3 in Hexes
  2057 | D:7      | Reached skill level 3 in Charms
  2057 | D:7      | Reached skill level 3 in Summonings
  2057 | D:7      | Reached skill level 3 in Necromancy
  2057 | D:7      | Reached skill level 3 in Translocations
  2057 | D:7      | Reached skill level 3 in Transmutations
  2057 | D:7      | Reached skill level 3 in Fire Magic
  2057 | D:7      | Reached skill level 3 in Ice Magic
  2057 | D:7      | Reached skill level 3 in Air Magic
  2057 | D:7      | Reached skill level 3 in Earth Magic
  2057 | D:7      | Reached skill level 3 in Poison Magic
  2057 | D:7      | Reached skill level 4 in Invocations
  2061 | D:7      | Noticed Joseph
  2068 | D:7      | Reached XP level 9. HP: 72/72 MP: 14/14
  2073 | D:7      | Killed Joseph
  2073 | D:7      | Reached skill level 6 in Armour
  2073 | D:7      | Reached skill level 6 in Dodging
  2097 | D:7      | it's very distant every fucking where
  2097 | D:7      | all places in the level are "very distant"
  2097 | D:7      | what the flying fuck
  2104 | D:7      | Reached skill level 4 in Short Blades
  2104 | D:7      | Reached skill level 4 in Long Blades
  2104 | D:7      | Reached skill level 4 in Maces & Flails
  2104 | D:7      | Reached skill level 4 in Polearms
  2104 | D:7      | Reached skill level 4 in Staves
  2104 | D:7      | Reached skill level 4 in Slings
  2104 | D:7      | Reached skill level 4 in Bows
  2104 | D:7      | Reached skill level 4 in Crossbows
  2104 | D:7      | Reached skill level 4 in Throwing
  2104 | D:7      | Reached skill level 4 in Stealth
  2104 | D:7      | Reached skill level 4 in Shields
  2104 | D:7      | Reached skill level 4 in Unarmed Combat
  2104 | D:7      | Reached skill level 4 in Spellcasting
  2104 | D:7      | Reached skill level 4 in Evocations
  2119 | D:7      | Found a sand-covered staircase.
  2123 | Ossuary  | Entered an ossuary
  2124 | Ossuary  | wow, that was very distant?
  2124 | Ossuary  | bullshit
  2482 | D:8      | Found Ithued's Jewellery Emporium.
  2485 | D:8      | Bought an uncursed ring of protection from magic for 400 gold pieces
  2581 | D:8      | Found a stormy altar of Qazlal.
  2643 | D:9      | Noticed a hornet
  2647 | D:9      | Paralysed by a hornet for 2 turns
  2658 | D:9      | Killed a hornet
  2658 | D:9      | Reached skill level 8 in Fighting
  2658 | D:9      | Reached skill level 8 in Axes
  2659 | D:9      | You pass out from exhaustion.
  2743 | D:9      | Reached skill level 5 in Invocations
  2780 | D:9      | Noticed a troll
  2788 | D:9      | Killed a troll
  2873 | D:9      | Noticed a troll
  2885 | D:9      | Killed a troll
  2885 | D:9      | Reached XP level 10. HP: 57/80 MP: 17/17
  2887 | D:9      | Reached skill level 4 in Conjurations
  2887 | D:9      | Reached skill level 4 in Hexes
  2887 | D:9      | Reached skill level 4 in Charms
  2887 | D:9      | Reached skill level 4 in Summonings
  2887 | D:9      | Reached skill level 4 in Necromancy
  2887 | D:9      | Reached skill level 4 in Translocations
  2887 | D:9      | Reached skill level 4 in Transmutations
  2887 | D:9      | Reached skill level 4 in Fire Magic
  2887 | D:9      | Reached skill level 4 in Ice Magic
  2887 | D:9      | Reached skill level 4 in Air Magic
  2887 | D:9      | Reached skill level 4 in Earth Magic
  2887 | D:9      | Reached skill level 4 in Poison Magic
  2975 | D:9      | Noticed a two-headed ogre
  2981 | D:9      | Killed a two-headed ogre
  2981 | D:9      | Reached skill level 5 in Short Blades
  2981 | D:9      | Reached skill level 5 in Long Blades
  2981 | D:9      | Reached skill level 5 in Maces & Flails
  2981 | D:9      | Reached skill level 5 in Polearms
  2981 | D:9      | Reached skill level 5 in Staves
  2981 | D:9      | Reached skill level 5 in Slings
  2981 | D:9      | Reached skill level 5 in Bows
  2981 | D:9      | Reached skill level 5 in Crossbows
  2981 | D:9      | Reached skill level 5 in Throwing
  2981 | D:9      | Reached skill level 5 in Stealth
  2981 | D:9      | Reached skill level 5 in Shields
  2981 | D:9      | Reached skill level 5 in Unarmed Combat
  2981 | D:9      | Reached skill level 5 in Spellcasting
  2981 | D:9      | Reached skill level 5 in Evocations
  2987 | D:9      | Reached skill level 7 in Armour
  2987 | D:9      | Reached skill level 7 in Dodging
  2987 | D:9      | Reached **** piety under Trog
  3225 | D:9      | Found a staircase to the Lair.
  3241 | D:10     | Entered Level 10 of the Dungeon
  3396 | D:10     | Reached skill level 6 in Invocations
  3441 | D:10     | Noticed Nergalle
  3458 | D:10     | Killed Nergalle
  3493 | D:10     | Reached XP level 11. HP: 70/87 MP: 19/19
  3576 | D:10     | Noticed Harold
  3637 | D:10     | Killed Harold
  3804 | D:11     | Received a gift from Trog
  3876 | D:11     | You fall through a shaft!
  3876 | D:12     | Found a deep blue altar of Sif Muna.
  3928 | D:12     | Reached skill level 9 in Fighting
  3928 | D:12     | Reached skill level 6 in Short Blades
  3928 | D:12     | Reached skill level 6 in Long Blades
  3928 | D:12     | Reached skill level 9 in Axes
  3928 | D:12     | Reached skill level 6 in Maces & Flails
  3928 | D:12     | Reached skill level 6 in Polearms
  3928 | D:12     | Reached skill level 6 in Staves
  3928 | D:12     | Reached skill level 6 in Slings
  3928 | D:12     | Reached skill level 6 in Bows
  3928 | D:12     | Reached skill level 6 in Crossbows
  3928 | D:12     | Reached skill level 6 in Throwing
  3928 | D:12     | Reached skill level 6 in Stealth
  3928 | D:12     | Reached skill level 6 in Shields
  3928 | D:12     | Reached skill level 6 in Unarmed Combat
  3928 | D:12     | Reached skill level 6 in Spellcasting
  3928 | D:12     | Reached skill level 6 in Evocations
  4021 | D:12     | Noticed Snorg
  4038 | D:12     | Killed Snorg
  4038 | D:12     | Reached skill level 5 in Conjurations
  4038 | D:12     | Reached skill level 5 in Hexes
  4038 | D:12     | Reached skill level 5 in Charms
  4038 | D:12     | Reached skill level 5 in Summonings
  4038 | D:12     | Reached skill level 5 in Necromancy
  4038 | D:12     | Reached skill level 5 in Translocations
  4038 | D:12     | Reached skill level 5 in Transmutations
  4038 | D:12     | Reached skill level 5 in Fire Magic
  4038 | D:12     | Reached skill level 5 in Ice Magic
  4038 | D:12     | Reached skill level 5 in Air Magic
  4038 | D:12     | Reached skill level 5 in Earth Magic
  4038 | D:12     | Reached skill level 5 in Poison Magic
  4167 | D:13     | Found a gate to the Vaults.
  4167 | D:13     | Noticed a deep elf knight
  4167 | D:13     | Noticed a two-headed ogre
  4167 | D:13     | Noticed a centaur warrior
  4167 | D:13     | Noticed an orc knight
  4228 | D:12     | Noticed a deep elf mage
  4250 | D:12     | Killed a deep elf mage
  4337 | D:11     | Noticed a cyclops
  4342 | D:11     | Killed a cyclops
  4379 | D:11     | Noticed a manticore
  4394 | D:11     | Killed a manticore
  4395 | D:11     | Noticed a five-headed hydra
  4544 | D:10     | Found a staircase to the Orcish Mines.
  4551 | D:10     | Reached skill level 7 in Invocations
  4558 | D:10     | Received a gift from Trog
  4561 | D:10     | Reached skill level 8 in Armour
  4561 | D:10     | Reached skill level 8 in Dodging
  4608 | Orc:1    | Entered Level 1 of the Orcish Mines
  4608 | Orc:1    | Found a roughly hewn altar of Beogh.
  4656 | Orc:1    | Noticed an orc knight
  4674 | Orc:1    | Killed an orc knight
  4730 | Orc:2    | Entered Level 2 of the Orcish Mines
  4752 | Orc:2    | Noticed a cyclops
  4753 | Orc:2    | Noticed Sonja
  4849 | Orc:1    | Noticed an orc sorcerer
  4860 | Orc:1    | Killed an orc sorcerer
  4959 | Orc:1    | Reached XP level 12. HP: 83/96 MP: 22/22
  5071 | Orc:1    | Reached ***** piety under Trog
  5083 | Orc:1    | Noticed Josephine
  5096 | Orc:1    | HP: 19/96 [Josephine/vampiric draining (21)]
  5102 | Orc:1    | Killed Josephine
  5244 | Orc:2    | Noticed Sonja
  5244 | Orc:2    | Sonja changed into Sonja the wyvern
  5250 | Orc:2    | Killed Sonja the wyvern
  5274 | Orc:2    | Noticed a two-headed ogre
  5284 | Orc:2    | Killed a two-headed ogre
  5284 | Orc:2    | Reached skill level 7 in Short Blades
  5284 | Orc:2    | Reached skill level 7 in Long Blades
  5284 | Orc:2    | Reached skill level 7 in Maces & Flails
  5284 | Orc:2    | Reached skill level 7 in Polearms
  5284 | Orc:2    | Reached skill level 7 in Staves
  5284 | Orc:2    | Reached skill level 7 in Slings
  5284 | Orc:2    | Reached skill level 7 in Bows
  5284 | Orc:2    | Reached skill level 7 in Crossbows
  5284 | Orc:2    | Reached skill level 7 in Throwing
  5284 | Orc:2    | Reached skill level 7 in Stealth
  5284 | Orc:2    | Reached skill level 7 in Shields
  5284 | Orc:2    | Reached skill level 7 in Unarmed Combat
  5284 | Orc:2    | Reached skill level 7 in Spellcasting
  5284 | Orc:2    | Reached skill level 7 in Evocations
  5340 | Orc:2    | Received a gift from Trog
  5386 | Orc:2    | Found a roughly hewn altar of Beogh.
  5386 | Orc:2    | Noticed an orc high priest
  5404 | Orc:2    | Killed an orc high priest
  5444 | Orc:2    | HP: 18/97 [orc warrior/halberd of protection[an orc high priest] (8)]
  5543 | Orc:2    | Noticed a two-headed ogre
  5557 | Orc:2    | HP: 25/145 [two-headed ogre/dire flail (12)]
  5561 | Orc:2    | Killed a two-headed ogre
  5561 | Orc:2    | Reached skill level 6 in Conjurations
  5561 | Orc:2    | Reached skill level 6 in Hexes
  5561 | Orc:2    | Reached skill level 6 in Charms
  5561 | Orc:2    | Reached skill level 6 in Summonings
  5561 | Orc:2    | Reached skill level 6 in Necromancy
  5561 | Orc:2    | Reached skill level 6 in Translocations
  5561 | Orc:2    | Reached skill level 6 in Transmutations
  5561 | Orc:2    | Reached skill level 6 in Fire Magic
  5561 | Orc:2    | Reached skill level 6 in Ice Magic
  5561 | Orc:2    | Reached skill level 6 in Air Magic
  5561 | Orc:2    | Reached skill level 6 in Earth Magic
  5561 | Orc:2    | Reached skill level 6 in Poison Magic
  5601 | Orc:2    | Noticed an ogre mage
  5607 | Orc:2    | HP: 10/97 [ogre/giant club (14)]
  5610 | Orc:2    | HP: 3/97 [ogre mage/bolt of fire (11)]
  5905 | Orc:2    | HP: 16/97 [troll (5)]
  5909 | Orc:2    | Killed an ogre mage
  5909 | Orc:2    | Reached skill level 8 in Invocations
  5910 | Orc:2    | HP: 18/97 [troll (4)]
  6061 | Orc:2    | Noticed a two-headed ogre
  6062 | Orc:2    | Noticed a two-headed ogre
  6062 | Orc:2    | Noticed a two-headed ogre
  6078 | Orc:2    | Killed a two-headed ogre
  6079 | Orc:2    | Killed a two-headed ogre
  6091 | Orc:2    | Noticed a two-headed ogre
  6119 | Orc:2    | Killed a two-headed ogre
  6119 | Orc:2    | Reached skill level 10 in Fighting
  6119 | Orc:2    | Reached skill level 10 in Axes
  6208 | Orc:2    | Noticed a two-headed ogre
  6216 | Orc:2    | Killed a two-headed ogre
  6216 | Orc:2    | Reached skill level 9 in Armour
  6216 | Orc:2    | Reached skill level 9 in Dodging
  6225 | Orc:2    | Noticed an ogre mage
  6226 | Orc:2    | Noticed a two-headed ogre
  6305 | Orc:2    | Killed a two-headed ogre
  6305 | Orc:2    | Reached XP level 13. HP: 95/103 MP: 24/24
  6642 | Orc:2    | Reached skill level 8 in Short Blades
  6642 | Orc:2    | Reached skill level 8 in Long Blades
  6642 | Orc:2    | Reached skill level 8 in Maces & Flails
  6642 | Orc:2    | Reached skill level 8 in Polearms
  6642 | Orc:2    | Reached skill level 8 in Staves
  6642 | Orc:2    | Reached skill level 8 in Slings
  6642 | Orc:2    | Reached skill level 8 in Bows
  6642 | Orc:2    | Reached skill level 8 in Crossbows
  6642 | Orc:2    | Reached skill level 8 in Throwing
  6642 | Orc:2    | Reached skill level 8 in Stealth
  6642 | Orc:2    | Reached skill level 8 in Shields
  6642 | Orc:2    | Reached skill level 8 in Unarmed Combat
  6642 | Orc:2    | Reached skill level 8 in Spellcasting
  6642 | Orc:2    | Reached skill level 8 in Evocations
  6758 | Orc:2    | Received a gift from Trog
  6790 | Orc:2    | Found a staircase to the Elven Halls.
  6860 | Orc:2    | Reached skill level 9 in Invocations
  6972 | Orc:2    | Found Siorer's Food Shop.
  6972 | Orc:2    | Found Rogad's Food Emporium.
  6973 | Orc:2    | Found Yciriop's Gadget Shop.
  6973 | Orc:2    | Found Yphes's Gadget Shoppe.
  6980 | Orc:2    | two food shops and two evo shops
  6980 | Orc:2    | WOW
  6980 | Orc:2    | SO WORTH
  6986 | Orc:2    | Bought a lightning rod (4/4) for 560 gold pieces
  6987 | Orc:2    | Bought a lamp of fire for 440 gold pieces
  7192 | D:8      | Bought an uncursed ring of poison resistance for 320 gold pieces
  7194 | D:8      | no rc
  7194 | D:8      | wew
  7261 | D:9      | Found a shimmering altar of Xom.
  7482 | Lair:1   | Entered Level 1 of the Lair of Beasts
  7654 | Lair:2   | Received a gift from Trog
  7759 | Lair:2   | Reached skill level 7 in Conjurations
  7759 | Lair:2   | Reached skill level 7 in Hexes
  7759 | Lair:2   | Reached skill level 7 in Charms
  7759 | Lair:2   | Reached skill level 7 in Summonings
  7759 | Lair:2   | Reached skill level 7 in Necromancy
  7759 | Lair:2   | Reached skill level 7 in Translocations
  7759 | Lair:2   | Reached skill level 7 in Transmutations
  7759 | Lair:2   | Reached skill level 7 in Fire Magic
  7759 | Lair:2   | Reached skill level 7 in Ice Magic
  7759 | Lair:2   | Reached skill level 7 in Air Magic
  7759 | Lair:2   | Reached skill level 7 in Earth Magic
  7759 | Lair:2   | Reached skill level 7 in Poison Magic
  8137 | Lair:3   | Noticed Prince Ribbit
  8296 | Lair:2   | HP: 29/156 [catoblepas (22)]
  8298 | Lair:2   | Received a gift from Trog
  8529 | Lair:3   | Killed Prince Ribbit
  8623 | Lair:4   | Reached XP level 14. HP: 62/111 MP: 26/26
  8720 | Lair:4   | Found a staircase to the Snake Pit.
  8935 | Lair:4   | Received a gift from Trog
  9012 | Lair:4   | Reached skill level 10 in Armour
  9012 | Lair:4   | Reached skill level 10 in Dodging
  9483 | Lair:4   | Found a staircase to the Shoals.
  9525 | Lair:5   | Found a runed door.
  9526 | Lair:5   | Found a viscous altar of Jiyva.
  9527 | Lair:5   | Found a staircase to the Slime Pits.
  9630 | Lair:5   | Found a labyrinth entrance.
  9653 | Lab      | Entered a labyrinth
  9883 | Lab      | Reached skill level 11 in Fighting
  9883 | Lab      | Reached skill level 11 in Axes
 10041 | Lab      | dead end
 10041 | Lab      | a very dead one
 10254 | Lab      | Reached skill level 9 in Short Blades
 10254 | Lab      | Reached skill level 9 in Long Blades
 10254 | Lab      | Reached skill level 9 in Maces & Flails
 10254 | Lab      | Reached skill level 9 in Polearms
 10254 | Lab      | Reached skill level 9 in Staves
 10254 | Lab      | Reached skill level 9 in Slings
 10254 | Lab      | Reached skill level 9 in Bows
 10254 | Lab      | Reached skill level 9 in Crossbows
 10254 | Lab      | Reached skill level 9 in Throwing
 10254 | Lab      | Reached skill level 9 in Stealth
 10254 | Lab      | Reached skill level 9 in Shields
 10254 | Lab      | Reached skill level 9 in Unarmed Combat
 10254 | Lab      | Reached skill level 9 in Spellcasting
 10254 | Lab      | Reached skill level 9 in Evocations
 10410 | Lab      | Received a gift from Trog
 10623 | Lair:6   | Entered Level 6 of the Lair of Beasts
 10639 | Lair:6   | Received a gift from Trog
 10749 | Lair:6   | HP: 33/169 [rime drake (4)]
 10832 | Lair:6   | Found a runed door.
 10974 | Lair:6   | Reached skill level 10 in Invocations
 11058 | Lair:6   | HP: 22/113 [tyrant leech (6)]
 11067 | Lair:6   | HP: 20/113 [tyrant leech (12)]
 11206 | Lair:6   | Received a gift from Trog
 11254 | Lair:6   | HP: 22/113 [poisoned by a hornet]
 11259 | Lair:6   | HP: 20/113 [poisoned by a hornet]
 11264 | Lair:6   | HP: 18/113 [poisoned by a hornet]
 11269 | Lair:6   | HP: 18/113 [poisoned by a hornet]
 11274 | Lair:6   | HP: 18/113 [poisoned by a hornet]
 11997 | Lair:6   | Received a gift from Trog
 12020 | Lair:6   | Identified Sif Muna's Catalogue of Blistering Creation
 12128 | Lair:6   | HP: 22/113 [six-headed hydra (8)]
 12145 | Lair:6   | HP: 13/113 [spriggan/short sword (6)]
 12149 | Lair:6   | HP: 6/113 [spriggan/short sword (7)]
 12463 | D:13     | Received a gift from Trog
 12463 | D:13     | Reached skill level 8 in Conjurations
 12463 | D:13     | Reached skill level 8 in Hexes
 12463 | D:13     | Reached skill level 8 in Charms
 12463 | D:13     | Reached skill level 8 in Summonings
 12463 | D:13     | Reached skill level 8 in Necromancy
 12463 | D:13     | Reached skill level 8 in Translocations
 12463 | D:13     | Reached skill level 8 in Transmutations
 12463 | D:13     | Reached skill level 8 in Fire Magic
 12463 | D:13     | Reached skill level 8 in Ice Magic
 12463 | D:13     | Reached skill level 8 in Air Magic
 12463 | D:13     | Reached skill level 8 in Earth Magic
 12463 | D:13     | Reached skill level 8 in Poison Magic
 12465 | D:13     | Reached XP level 15. HP: 107/119 MP: 28/28
 12535 | D:13     | Received a gift from Trog
 12614 | D:13     | HP: 32/178 [orc knight/battleaxe (15)]
 12623 | D:13     | HP: 21/178 [orc knight/battleaxe (14)]
 12789 | D:13     | Found Ovefawe's Weapon Shop.
 12903 | D:13     | Received a gift from Trog
 13298 | D:14     | Received a gift from Trog
 13327 | D:14     | Noticed Rupert
 13341 | D:14     | Killed Rupert
 13362 | D:14     | HP: 24/120 [orc priest/divine providence (12)]
 13467 | D:14     | HP: 13/120 [death knight/enchanted broad axe (17)]
 13468 | D:14     | Killed by mirror damage

Vault maps used:
D:1:      mrwooster_arrival_arrow, minmay_misc_feat_columns
D:2:      elyvilon_altar_5
D:3:      old_standard_altar, nicolae_ru_awakened_eye, first_ration,
          nrook_mini_vaults, kennysheep_slug_shrine
D:4:      roderic_batcave, uniq_grinder
D:5:      minmay_temple_entry_trees, serial_shops, nicolae_shop_stone,
          grunt_decor_clamped, hex_large, minmay_tree_intersection,
          grunt_gozag_breadcrumbs, uniq_eustachio
D:6:      tso_metal_star, serial_bayou_crossing
D:7:      lightli_ossuary_entry_decrepit_ruins, minivault_26, uniq_joseph
D:8:      basic_altar, serial_shops, kennysheep_mini
D:9:      minmay_flawed_box, lemuel_crystal_altar, dpeg_oklobed_lair
D:10:     lemuel_flame_loot_2, minmay_orc_entry_guard_dogs,
          hangedman_pestilent_swarm, uniq_urug, uniq_harold, uniq_nergalle
D:12:     serial_glass, glass_columns_b, glass_columns_c, glass_columns_c,
          glass_columns_c, glass_columns_a, glass_columns_a, glass_columns_a,
          glass_columns_c, glass_columns_c, glass_columns_c, glass_columns_b,
          glass_columns_a, glass_columns_c, glass_columns_c, basic_altar,
          uniq_snorg
D:13:     david_vaults_3, serial_shops, nicolae_shop_trees
D:14:     patterned_corridor, minmay_joined_circles, uniq_rupert
Lair:1:   minmay_stone_trees_medium, beast_lair_carwin_5, serial_bayou_shore_b,
          serial_bayou_shore_b
Lair:3:   minmay_hedge_maze, uniq_prince_ribbit2
Lair:4:   minmay_shoals_entry_beasts, guppyfry_snake_entry_garden,
          lemuel_fruit_tree
Lair:5:   slime_altar_2, lab_entry_generic, st_stairs_4
Lair:6:   wormcave, guppyfry_lair_end_dragon, st_stairs_7, wad_woods_02
Orc:1:    basic_altar, uniq_josephine
Orc:2:    st_orc_ogre_mass, kennysheep_orc_chapel, uniq_sonja
Lab:      nicolae_lab_big_swirl, lab_statue, nicolae_lab_grate_2
Ossuary:  ossuary_tomb_3

Skill      XL: |  1  2  3  4  5  6  7  8  9 10 11 12 13 14 |
---------------+-------------------------------------------+-----
Short Blades   | 1 2 3 4 5 6 7 8 9 |  9.9
Long Blades    | 1 2 3 4 5 6 7 8 9 |  9.9
Maces & Flails | 1 2 3 4 5 6 7 8 9 |  9.9
Polearms       | 1 2 3 4 5 6 7 8 9 |  9.9
Staves         | 1 2 3 4 5 6 7 8 9 |  9.9
Slings         | 1 2 3 4 5 6 7 8 9 |  9.9
Bows           | 1 2 3 4 5 6 7 8 9 |  9.9
Crossbows      | 1 2 3 4 5 6 7 8 9 |  9.9
Throwing       | 1 2 3 4 5 6 7 8 9 |  9.9
Stealth        | 1 2 3 4 5 6 7 8 9 |  9.9
Shields        | 1 2 3 4 5 6 7 8 9 |  9.9
Unarmed Combat | 1 2 3 4 5 6 7 8 9 |  9.9
Spellcasting   | 1 2 3 4 5 6 7 8 9 |  9.9
Conjurations   | 1 2 3 4 5 6 7 8 |  8.3
Hexes          | 1 2 3 4 5 6 7 8 |  8.3
Charms         | 1 2 3 4 5 6 7 8 |  8.3
Summonings     | 1 2 3 4 5 6 7 8 |  8.3
Necromancy     | 1 2 3 4 5 6 7 8 |  8.3
Translocations | 1 2 3 4 5 6 7 8 |  8.3
Transmutations | 1 2 3 4 5 6 7 8 |  8.3
Fire Magic     | 1 2 3 4 5 6 7 8 |  8.3
Ice Magic      | 1 2 3 4 5 6 7 8 |  8.3
Air Magic      | 1 2 3 4 5 6 7 8 |  8.3
Earth Magic    | 1 2 3 4 5 6 7 8 |  8.3
Poison Magic   | 1 2 3 4 5 6 7 8 |  8.3
Invocations    | 1 2 3 4 5 6 7 8 9 10 | 10.8
Evocations     | 1 2 3 4 5 6 7 8 9 |  9.9
Armour         | 5 6 7 8 9 10 | 10.9
Dodging        | 5 6 7 8 9 10 | 10.9
Fighting       | 7 8 9 10 11 | 11.7
Axes           | 7 8 9 10 11 | 11.7

Action                   |  1- 3 |  4- 6 |  7- 9 | 10-12 | 13-15 || total
-------------------------+-------+-------+-------+-------+-------++-------
Melee: Hand axe          |    65 |    96 |   159 |       |       ||   320
       Bite              |     4 |    15 |    45 |   103 |   186 ||   353
       Punch             |     1 |       |     9 |    18 |    27 ||    55
       War axe           |       |       |   150 |   647 |   525 ||  1322
       Morningstar       |       |       |       |       |    36 ||    36
       Battleaxe         |       |       |       |       |   444 ||   444
       Broad axe         |       |       |       |       |    98 ||    98
 Fire: Blowgun           |       |       |       |       |     2 ||     2
       Shortbow          |       |       |       |       |     1 ||     1
Throw: Tomahawk          |       |       |     1 |     2 |       ||     3
Invok: Berserk           |     1 |     2 |     9 |    21 |    39 ||    72
       Trog's Hand       |       |     2 |     4 |    18 |    17 ||    41
       Brothers in Arms  |       |       |       |     1 |       ||     1
Evoke: Wand              |       |       |     1 |    12 |    14 ||    27
  Use: Scroll            |       |       |     5 |     5 |    20 ||    30
       Potion            |       |       |       |     4 |     4 ||     8
 Stab: Confused          |       |       |       |     5 |       ||     5
       Invisible         |       |       |       |       |     2 ||     2
  Eat: Chunk             |       |     3 |    18 |    38 |    58 ||   117
       Ration            |       |       |       |     1 |     7 ||     8
Armor: Animal skin       |    16 |       |       |       |       ||    16
       Ring mail         |       |    11 |       |       |       ||    11
       Chain mail        |       |    32 |   121 |   100 |       ||   253
       Plate armour      |       |       |       |   280 |   698 ||   978
Dodge: Dodged            |    44 |    66 |   184 |   411 |   731 ||  1436
Block: Buckler           |       |       |       |       |    30 ||    30

Table legend:
 A = Spawn XP
 B = Non-spawn XP
 C = Spawn XP percentage of total XP
 D = Spawn monster count
 E = Non-spawn monster count
 F = Spawn count percentage of total count
 G = Total turns spent on level
                    A         B        C        D         E        F      G
               +---------+---------+-------+---------+---------+-------+---------
         Total |       0 |  107894 |   0.0 |       0 |     566 |   0.0 | 13468
               +---------+---------+-------+---------+---------+-------+---------
           D:1 |       0 |      20 |   0.0 |       0 |      15 |   0.0 |   317
           D:2 |       0 |       5 |   0.0 |       0 |       3 |   0.0 |   164
           D:3 |       0 |     230 |   0.0 |       0 |      11 |   0.0 |   332
           D:4 |       0 |    1143 |   0.0 |       0 |      27 |   0.0 |   424
           D:5 |       0 |     272 |   0.0 |       0 |      10 |   0.0 |   308
           D:6 |       0 |     326 |   0.0 |       0 |       3 |   0.0 |   182
           D:7 |       0 |     935 |   0.0 |       0 |      18 |   0.0 |   490
           D:8 |       0 |     686 |   0.0 |       0 |      14 |   0.0 |   348
           D:9 |       0 |    3384 |   0.0 |       0 |      34 |   0.0 |   801
          D:10 |       0 |    4618 |   0.0 |       0 |      30 |   0.0 |   694
          D:11 |       0 |    1649 |   0.0 |       0 |      15 |   0.0 |   302
          D:12 |       0 |    3178 |   0.0 |       0 |      15 |   0.0 |   654
          D:13 |       0 |   11921 |   0.0 |       0 |      52 |   0.0 |   487
          D:14 |       0 |    9843 |   0.0 |       0 |      37 |   0.0 |   408
        Lair:1 |       0 |     945 |   0.0 |       0 |       6 |   0.0 |   304
        Lair:2 |       0 |    4653 |   0.0 |       0 |      16 |   0.0 |   625
        Lair:3 |       0 |    3322 |   0.0 |       0 |      17 |   0.0 |   551
        Lair:4 |       0 |    7189 |   0.0 |       0 |      22 |   0.0 |   666
        Lair:5 |       0 |    3820 |   0.0 |       0 |      20 |   0.0 |   330
        Lair:6 |       0 |   17826 |   0.0 |       0 |      57 |   0.0 |  1578
         Orc:1 |       0 |    4780 |   0.0 |       0 |      32 |   0.0 |   854
         Orc:2 |       0 |   24148 |   0.0 |       0 |      86 |   0.0 |  1610
           Lab |       0 |    2824 |   0.0 |       0 |      10 |   0.0 |   837
       Ossuary |       0 |     177 |   0.0 |       0 |      16 |   0.0 |   202
               +---------+---------+-------+---------+---------+-------+---------
